 Dungeon Crawl Stone Soup version 0.17.0 (webtiles) character file.

44 Ijustatesigmund the Sneak (level 3, -5/21 HPs)
             Began as an Octopode Wizard on Nov 6, 2015.
             Slain by Natasha (10 damage)
             ... on level 2 of the Dungeon.
             The game lasted 00:04:33 (1824 turns).

Ijustatesigmund the Sneak (Octopode Wizard)         Turns: 1824, Time: 00:04:33

Health: -5/21      AC:  1    Str: 11    XL:     3   Next: 60%
Magic:  1/7        EV: 12    Int: 21    God:
Gold:   76         SH:  0    Dex: 10    Spells: 4 memorised, 0 levels left

rFire  . . .     SeeInvis .     f - +0 dagger
rCold  . . .     Clarity  .     (no shield)
rNeg   . . .     SustAt   .     a - +0 hat
rPois  .         Gourm    .     (no amulet)
rElec  .         Spirit   .     (no ring)
rCorr  .         Warding  .     (no ring)
rMut   .         Stasis   .     (no ring)
MR     .....                    (no ring)
Stlth  ++++......               (no ring)
                                (no ring)
                                (no ring)
                                (no ring)

@: mighty, not resistant to hostile enchantments, stealthy
A: almost no armour, amphibious, 8 rings, constrict 8, camouflage 1, gelatinous
body 1
a: no special abilities


You were on level 2 of the Dungeon.
You were not hungry.

You visited 1 branch of the dungeon, and saw 2 of its levels.

You collected 76 gold pieces.

Inventory:

Hand Weapons
 f - a +0 dagger (weapon)
Armour
 a - a +0 hat (worn)
Potions
 g - 2 potions of might
 i - a potion of cure mutation {unknown}
Books
 b - a book of Minor Magic

   Spells                             Type                      Level
   a - Magic Dart                     Conjuration                  1
   b - Blink                          Translocation                2
   c - Call Imp                       Summoning                    2
   d - Repel Missiles                 Charms/Air                   2
   e - Slow                           Hexes                        2
   f - Conjure Flame                  Conjuration/Fire             3
   g - Mephitic Cloud                 Conjuration/Poison/Air       3
Comestibles
 c - 2 bread rations
 d - a slice of pizza
 h - a beef jerky


   Skills:
 + Level 0.2 Short Blades
 - Level 2.0 Dodging
 - Level 4.0 Stealth
 - Level 3.0 Spellcasting
 + Level 2.5 Conjurations
   Level 1.0 Summonings
 - Level 1.0 Translocations


You couldn't memorise any spells.
You knew the following spells:

 Your Spells              Type           Power        Failure   Level  Hunger
a - Magic Dart            Conj           ##..         6%          1    None
b - Blink                 Tloc           N/A          14%         2    ##.....
c - Repel Missiles        Chrm/Air       #.....       21%         2    ##.....
d - Mephitic Cloud        Conj/Pois/Air  #.......     30%         3    ###....


Dungeon Overview and Level Annotations

Branches:
Dungeon (2/15)

Altars:

Annotations:
D:2 Natasha


Innate Abilities, Weirdness & Mutations

You cannot wear most types of armour.
You are amphibious.
You can wear up to eight rings at the same time.
You can use your tentacles to constrict eight enemies at once.
Your skin changes colour to match your surroundings (Stealth).
Your rubbery body absorbs attacks (AC +1).


Message History

Natasha is heavily wounded.
Natasha claws you! The goblin closely misses you.
You hit Natasha but do no damage. Your grab misses Natasha.
Natasha is heavily wounded.
Natasha barely misses you.
You barely miss Natasha. Your grab misses Natasha.
Natasha is heavily wounded.
The goblin hits you with a club. Natasha claws you!
* * * LOW HITPOINT WARNING * * *
Drink which item? (? for menu, Esc to quit)
It was a potion of curing.
You feel better. Natasha claws you.
* * * LOW HITPOINT WARNING * * *
The goblin misses you.
Drink which item? (? for menu, Esc to quit)
You feel very mighty all of a sudden. Natasha barely misses you.
The goblin completely misses you.
You closely miss Natasha. You grab Natasha.
Natasha is heavily wounded.
You constrict Natasha. Natasha claws you!
You die...

#.# ####
##########.#######
....
..................
#.... #.#
######.#######
#.(.. #.# #.#
#.....#.# #.#
#.....#.########.#
+.....h...)......#
.....#@##########
### #g# #.# #.#
#.# #.# #.# #.#


You could see Natasha and a goblin.

Vanquished Creatures
  An ooze (D:1)
  4 bats
  4 giant cockroaches
  6 goblins (D:1)
  10 hobgoblins
  2 jackals (D:1)
  5 kobolds
  2 rats (D:1)
34 creatures vanquished.

Notes
Turn   | Place    | Note
--------------------------------------------------------------
     0 | D:1      | Ijustatesigmund the Octopode Wizard began the quest for the Orb.
     0 | D:1      | Reached XP level 1. HP: 11/11 MP: 4/4
   306 | D:1      | Reached XP level 2. HP: 12/17 MP: 0/6
   310 | D:1      | Learned a level 2 spell: Blink
   313 | D:1      | Learned a level 2 spell: Repel Missiles
   679 | D:1      | Reached XP level 3. HP: 19/21 MP: 0/7
  1198 | D:1      | Reached skill level 4 in Stealth
  1209 | D:1      | Learned a level 3 spell: Mephitic Cloud
  1812 | D:2      | Noticed Natasha
  1821 | D:2      | HP: 1/21 [Natasha (8)]
  1824 | D:2      | Slain by Natasha

Action                   || total
-------------------------++-------
Melee: Unarmed           ||    17
       Dagger            ||    12
 Cast: Magic Dart        ||    86
       Repel Missiles    ||     1
  Use: Scroll            ||     2
       Potion            ||     2
  Eat: Chunk             ||     3
